 Dungeon Crawl Stone Soup version 0.23.2-40-g277498a (webtiles) character file.

Game seed: 3571268057967160071

424 BoppinsLewinski the Ruffian (level 6, -2/52 HPs)
             Began as a Demigod Fighter on Sept 30, 2019.
             Slain by an ogre
             ... wielding a +0 giant club
              (19 damage)
             ... on level 4 of the Dungeon.
             The game lasted 00:09:00 (5193 turns).

BoppinsLewinski the Ruffian (Demigod Fighter)       Turns: 5193, Time: 00:09:01

Health: -2/52      AC: 10    Str: 23    XL:     6   Next: 36%
Magic:  8/8        EV:  9    Int: 12    God:
Gold:   182        SH:  0    Dex: 15    Spells: 5/5 levels left

rFire    . . .     SeeInvis .     - Unarmed
rCold    . . .     Gourm    .   (no shield)
rNeg     . . .     Faith    .   k - +0 chain mail
rPois    .         Spirit   .   a - +0 helmet
rElec    .         Reflect  .   (no cloak)
rCorr    .         Harm     .   (no gloves)
MR       .....                  (no boots)
Stlth    ..........             (no amulet)
HPRegen  0.17/turn              (no ring)
MPRegen  0.11/turn              (no ring)

@: no status effects
A: high mp 1
a: no special abilities


You were on level 4 of the Dungeon.
You were hungry.

You visited 1 branch of the dungeon, and saw 4 of its levels.

You collected 182 gold pieces.

Inventory:

Armour
 a - a +0 helmet (worn)
 k - a +0 chain mail (worn)
Scrolls
 b - 2 scrolls of fog {unknown}
 c - a scroll of remove curse {unknown}
 e - a scroll of blinking {unknown}
 f - a scroll of teleportation {unknown}
 g - a scroll of identify {unknown}
 l - 2 scrolls of enchant armour {unknown}
Potions
 h - a potion of cancellation
 i - a potion of invisibility {unknown}
 j - 2 potions of lignification
 m - a potion of haste {unknown}
 n - a potion of curing
 o - a potion of brilliance {unknown}
Comestibles
 d - 4 rations


   Skills:
 + Level 3.9 Fighting
 + Level 3.8 Armour
 + Level 2.5 Dodging
   Level 2.6 Shields
 * Level 4.3 Unarmed Combat


You had 5 spell levels left.
You didn't know any spells.
Your spell library contained the following spells:

 Spells                   Type           Power        Failure   Level  Hunger
 Magic Dart               Conj           #...         95%         1    ##.....
 Blink                    Tloc           N/A          98%         2    ###....
 Call Imp                 Summ           #.......     98%         2    ###....
 Slow                     Hex            #.......     98%         2    ###....
 Conjure Flame            Conj/Fire      #.......     100%        3    ####...
 Mephitic Cloud           Conj/Pois/Air  #.......     100%        3    ####...


Dungeon Overview and Level Annotations

Branches:
Dungeon (4/15)
 Temple: D:4-7


Innate Abilities, Weirdness & Mutations

You have an increased reservoir of magic. (+10% MP)


Message History

An ogre comes into view. It is wielding a +0 giant club.
The ogre shouts!
You hit the ogre.
The ogre is lightly wounded.
You hit the ogre.
The ogre is moderately wounded.
The ogre closely misses you.
You hit the ogre.
The ogre is moderately wounded.
The ogre hits you with a +0 giant club!!
You closely miss the ogre.
The ogre is moderately wounded.
You hit the ogre.
The ogre is heavily wounded.
The ogre hits you with a +0 giant club!
You are too injured to fight recklessly!
You hit the ogre.
The ogre is heavily wounded.
The ogre hits you with a +0 giant club!!
You die...

#################
#...........@...#
#####.###########O###
...........# .#
......####.######.#
####...............
.......<.....####..
##.##[.#...#.# ..#
#...........# ..#
#..#........#


You could see an ogre.

Vanquished Creatures
  Sigmund (D:3)
  An ogre (D:2)
  Terence (D:1)
  4 adders
  An ooze (D:2)
  6 worms
  A dart slug (D:2)
  2 leopard geckos
  9 orcs
  7 bats
  5 giant cockroaches
  7 goblins
  12 hobgoblins
  2 ball pythons
  9 frilled lizards
  9 kobolds
  16 rats
93 creatures vanquished.

Notes
Turn   | Place    | Note
-------+----------+-------------------------------------------
     0 | D:1      | BoppinsLewinski the Demigod Fighter began the quest for the
                  | Orb.
     0 | D:1      | Reached XP level 1. HP: 18/18 MP: 3/3
     0 | D:1      | Noticed a minotaur zombie
    16 | D:1      | Noticed a merfolk zombie
   331 | D:1      | Reached skill level 2 in Unarmed Combat
  1089 | D:1      | Reached XP level 2. HP: 25/25 MP: 4/4
  1459 | D:2      | Noticed an ogre
  1479 | D:2      | Killed an ogre
  1479 | D:2      | Reached skill level 1 in Dodging
  1479 | D:2      | Reached skill level 3 in Unarmed Combat
  1479 | D:2      | Reached XP level 3. HP: 14/31 MP: 5/5
  1479 | D:2      | Reached XP level 4. HP: 17/38 MP: 6/6
  2130 | D:2      | Noticed Terence
  2156 | D:1      | Killed Terence
  2534 | D:2      | Reached XP level 5. HP: 45/45 MP: 7/7
  2664 | D:2      | Found a bloodstained altar of Trog.
  4068 | D:3      | Noticed Sigmund
  4114 | D:3      | Killed Sigmund
  4114 | D:3      | Reached skill level 4 in Unarmed Combat
  4114 | D:3      | Reached XP level 6. HP: 5/52 MP: 8/8
  4471 | D:3      | Found a sacrificial altar of Ru.
  5193 | D:4      | Slain by an ogre

Skill      XL: |  1  2  3  4  5 |
---------------+----------------+-----
Unarmed Combat | 2 3 4 |  4.3
Fighting       | 3 |  3.9
Armour         | 3 |  3.8
Dodging        | 1 2 |  2.5
Shields        | |  2.6

Action                   |  1- 3 |  4- 6 || total
-------------------------+-------+-------++-------
Melee: Unarmed           |    76 |   372 ||   448
       Punch             |     2 |     3 ||     5
  Use: Potion            |     1 |     6 ||     7
  Eat: Chunk             |     1 |    12 ||    13
Armor: Scale mail        |    21 |    25 ||    46
       Chain mail        |       |   147 ||   147
Dodge: Dodged            |    33 |   126 ||   159
